 Dungeon Crawl Stone Soup version 0.16-a0-1157-gec61f8e (webtiles) character file.

10545 RobertPalmer the Nimble (level 11, -2/64 HPs)
             Began as an Octopode Gladiator on Oct 8, 2014.
             Was a Believer of Ru.
             Slain by a wolf (7 damage)
             ... in an ice cave.
             The game lasted 00:34:53 (12127 turns).

RobertPalmer the Nimble (Octopode Gladiator)       Turns: 12127, Time: 00:34:54

Health: -2/64      AC:  3    Str: 15    XL:     11   Next: 63%
Magic:  11/11      EV: 28    Int: 13    God:    Ru [**....]
Gold:   798        SH:  0    Dex: 18    Spells: 0 memorised, 10 levels left

rFire  . . .     SeeInvis .     a - +3 halberd (freeze)
rCold  + . .     Clarity  .     (no shield)
rNeg   . . .     SustAb   .     c - +2 hat
rPois  .         Gourm    .     l - amulet of faith {!P}
rElec  .         Spirit   .     G - ring of protection from magic
rCorr  .         Warding  .     d - ring of wizardry
rMut   .         Stasis   .     g - ring of protection from fire
MR     +....                    B - ring of ice
Stlth  +++.......               (no ring)
                                (no ring)
                                (no ring)
                                (no ring)

@: agile, somewhat resistant to hostile enchantments, fairly stealthy
A: almost no armour, amphibious, 8 rings, constrict 8, camouflage 1, gelatinous
body 1, inability to use devices
a: Renounce Religion


You were in an ice cave.
You worshipped Ru.
Ru was pleased with you.
You were hungry.

You visited 3 branches of the dungeon, and saw 14 of its levels.
You also visited: Ice Cave.

You collected 798 gold pieces.


Innate Abilities, Weirdness & Mutations

You cannot wear most types of armour.
You are amphibious.
You can wear up to eight rings at the same time.
You can use your tentacles to constrict many enemies at once.
Your skin changes colour to match your surroundings (Stealth).
Your rubbery body absorbs attacks (AC +1).
You cannot study or use magical devices.


   Skills:
 - Level 2.0 Fighting
 + Level 12.4 Polearms
 - Level 2.0 Throwing
 - Level 13.1 Dodging


You had 10 spell levels left.
You didn't know any spells.

Inventory:

Hand weapons
 a - a +3 halberd of freezing (weapon)
 b - a +0 blowgun
Missiles
 e - 61 poisoned needles
Armour
 c - a +2 hat (worn)
Comestibles
 f - 10 bread rations
 i - a royal jelly
 k - 23 fruits
 o - 3 meat rations
 q - 2 rotting chunks of komodo dragon flesh {@*1}
Scrolls
 h - a scroll of amnesia {unknown}
 n - 2 scrolls of identify
 r - 2 scrolls of enchant weapon
 t - a scroll of teleportation
 y - a scroll of remove curse
 E - 2 scrolls of magic mapping
Jewellery
 d - a ring of wizardry (right tentacle)
 g - a ring of protection from fire (on tentacle)
 j - an uncursed amulet of stasis
 l - an amulet of faith (around mantle) {!P}
 m - an uncursed amulet of guardian spirit
 w - an uncursed amulet of regeneration
 B - a ring of ice (on tentacle)
 G - a ring of protection from magic (left tentacle)
 H - an uncursed amulet of resist mutation
Potions
 s - a potion of agility
 u - 2 potions of restore abilities
 C - a potion of porridge

Dungeon Overview and Level Annotations

Branches:
Dungeon (10/15)            Temple (1/1) D:5            Lair (3/8) D:10
    Orc: D:9-12       Swamp: Lair:3-6    Shoals: Lair:3-6     Snake: Lair:3-6
 Spider: Lair:3-6

Altars:
Ashenzari
Cheibriados
Dithmenos
Elyvilon
Fedhas
Gozag
Kikubaaqudgha
Makhleb
Nemelex Xobeh
Okawaru
Qazlal
Ru
Sif Muna
Trog
Vehumet
Xom
Yredelemnul
Zin
The Shining One

Shops:
D:10 (

Annotations:
D:10 Zgarb's ghost, powerful MiFi
Lair:2 RobertPalmer's ghost, powerful OpGl

##.....##
#!#
##Y..##
#!# #h..#
##.#
...##
##..#
#...#
#.%##
##...
##...#
##..
##..#..#
##.
##hh##
..# #.@##
#.# ##..#
.# ##..#
#..# #..#
..# ##


You could see a polar bear and a wolf.


Message History

The polar bear claws you but does no damage.
The polar bear completely misses you. The wolf misses you.
The polar bear closely misses you. The polar bear completely misses you.
The polar bear claws you.
* * * LOW HITPOINT WARNING * * *
The wolf closely misses you.
You barely miss the polar bear.
The polar bear is almost dead.
The wolf completely misses you. The polar bear bites you!
* * * LOW HITPOINT WARNING * * *
The polar bear misses you. The polar bear barely misses you.
A polar bear comes into view.
Unknown command.
You hit the polar bear but do no damage.
The polar bear is almost dead.
You redirect the wolf's attack!
The wolf barely misses itself.
The polar bear completely misses you. The polar bear barely misses you.
The polar bear misses you. The wolf misses you.
The polar bear completely misses you. The polar bear barely misses you.
The polar bear completely misses you.
Unknown command.
You hit the polar bear. You freeze the polar bear.
You kill the polar bear!
The wolf misses you. The wolf bites you but does no damage.
Unknown command.
The wolf completely misses you.
You puncture the wolf! You freeze the wolf.
The wolf is heavily wounded.
The wolf barely misses you. The wolf bites you!
You die...

Action                   |  1- 3 |  4- 6 |  7- 9 | 10-12 || total
-------------------------+-------+-------+-------+-------++-------
Melee: Trident           |    78 |   133 |   319 |   169 ||   699
       Unarmed           |       |       |     1 |       ||     1
       Halberd           |       |       |       |   243 ||   243
 Fire: Blowgun           |       |       |    33 |    33 ||    66
Throw: Throwing net      |       |     4 |     6 |       ||    10
Invok: Sacrifice Artific |       |       |       |     1 ||     1
       Reject Sacrifices |       |       |       |     1 ||     1
Evoke: Wand              |       |       |    15 |     5 ||    20
  Use: Potion            |       |     1 |     3 |     7 ||    11
       Scroll            |       |       |    12 |    15 ||    27
 Stab: Sleeping          |     1 |     5 |    11 |     6 ||    23
       Distracted        |       |     2 |       |     1 ||     3
       Held in net/web   |       |     2 |     6 |       ||     8
       Confused          |       |       |     1 |       ||     1
       Paralysed         |       |       |     2 |       ||     2
       Invisible         |       |       |       |     1 ||     1
  Eat: Chunk             |       |     6 |    13 |    17 ||    36
       Pizza             |       |       |     1 |       ||     1
       Beef jerky        |       |       |     1 |     2 ||     3

Vault maps used:
D:1:      minmay_arrival_arboretum_small
D:2:      serial_glass, glass_columns_b, glass_columns_a,
          nicolae_qazlal_style_of_elements
D:3:      minmay_misc_feat_roman, bh_chokoban, minmay_misc_feat_diagonals,
          uniq_crazy_yiuf_cottage
D:4:      kennysheep_generic_room_16, uniq_eustachio, uniq_pikel
D:5:      minmay_temple_entry_butterflies, first_bread, uniq_sigmund
D:6:      overflow_temple_1_default, kennysheep_mini_moat,
          nemelex_spade_bored_becter
D:7:      lemuel_coloured_pillars_altar, overflow_temple_1_default,
          overflow_temple_1_default, uniq_duvessa
D:8:      uniq_psyche
D:9:      overflow_temple_1_default, uniq_joseph
D:10:     erik_lair_island, serial_shops, shop
Temple:   water_room_temple_b_12
Lair:1:   beast_lair_carwin_large_3, guppyfry_lair_drakes
Lair:3:   swamp_mist_pool, portal_ice_cave_entry_ice_beasts, uniq_harold
IceCv:    ice_cave_small_giant

Notes
Turn   | Place    | Note
--------------------------------------------------------------
     0 | D:1      | RobertPalmer, the Octopode Gladiator, began the quest for the Orb.
     0 | D:1      | Reached XP level 1. HP: 14/14 MP: 1/1
   206 | D:1      | Reached XP level 2. HP: 19/19 MP: 2/2
   669 | D:2      | Reached skill level 4 in Polearms
   669 | D:2      | Reached XP level 3. HP: 15/24 MP: 3/3
  1032 | D:2      | Found a stormy altar of Qazlal.
  1032 | D:2      | Noticed an earth elemental
  1034 | D:2      | Reached XP level 4. HP: 29/29 MP: 4/4
  1035 | D:2      | Noticed a fire elemental
  1035 | D:2      | Noticed a water elemental
  1035 | D:2      | Noticed an air elemental
  1402 | D:3      | Reached skill level 5 in Polearms
  1837 | D:3      | Noticed an ogre
  1869 | D:3      | Killed an ogre
  1869 | D:3      | Reached skill level 6 in Polearms
  1869 | D:3      | Reached XP level 5. HP: 34/34 MP: 5/5
  2023 | D:3      | Noticed Crazy Yiuf
  2031 | D:3      | Killed Crazy Yiuf
  2031 | D:3      | Reached XP level 6. HP: 27/39 MP: 6/6
  2275 | D:4      | Reached skill level 7 in Polearms
  2484 | D:4      | Noticed Eustachio
  2500 | D:4      | Killed Eustachio
  2500 | D:4      | Reached skill level 8 in Polearms
  2500 | D:4      | Reached XP level 7. HP: 30/45 MP: 7/7
  2735 | D:5      | Entered Level 5 of the Dungeon
  3291 | D:5      | Reached skill level 9 in Polearms
  3418 | D:5      | Noticed Sigmund
  3479 | D:5      | Killed Sigmund
  3479 | D:5      | Reached XP level 8. HP: 34/50 MP: 8/8
  3536 | D:5      | Found a staircase to the Ecumenical Temple.
  3549 | Temple   | Entered the Ecumenical Temple
  4059 | D:6      | Reached skill level 10 in Polearms
  4232 | D:6      | Found a blossoming altar of Fedhas.
  4495 | D:6      | Found a radiant altar of Vehumet.
  4902 | D:6      | Found a sparkling altar of Nemelex Xobeh.
  5090 | D:7      | Reached skill level 11 in Polearms
  5179 | D:7      | Reached skill level 4 in Dodging
  5179 | D:7      | Reached XP level 9. HP: 35/54 MP: 9/9
  5224 | D:7      | Found a snail-covered altar of Cheibriados.
  5224 | D:7      | Noticed Dowan
  5279 | D:7      | Found a sacrificial altar of Ru.
  5288 | D:7      | Became a worshipper of Ru the Awakened
  5557 | D:7      | Noticed Duvessa
  5577 | D:7      | Killed Duvessa
  5577 | D:7      | Reached skill level 5 in Dodging
  5596 | D:7      | Killed Dowan
  5663 | D:7      | Found a sparkling altar of Nemelex Xobeh.
  5917 | D:8      | Reached skill level 6 in Dodging
  6059 | D:8      | Reached skill level 7 in Dodging
  6451 | D:9      | Reached skill level 8 in Dodging
  6455 | D:9      | Noticed Joseph
  6485 | D:9      | Killed Joseph
  6541 | D:9      | Reached skill level 9 in Dodging
  6541 | D:9      | Reached XP level 10. HP: 60/60 MP: 10/10
  6657 | D:9      | Found a basalt altar of Yredelemnul.
  7063 | D:10     | Entered Level 10 of the Dungeon
  7125 | D:10     | Noticed Zgarb's ghost (powerful MiFi)
  7287 | D:10     | Reached skill level 10 in Dodging
  7341 | D:10     | Found a staircase to the Lair.
  7731 | D:10     | Reached skill level 11 in Dodging
  8109 | D:10     | Found Owiq Vei's Antique Weapon Emporium.
  8211 | Lair:1   | Entered Level 1 of the Lair of Beasts
  9246 | Lair:1   | Reached skill level 12 in Dodging
  9268 | Lair:1   | Gained mutation: You cannot study or use magical devices. [Ru sacrifice]
  9268 | Lair:1   | Acquired Ru's first power
  9268 | Lair:1   | Acquired Ru's second power
  9575 | Lair:1   | Reached XP level 11. HP: 49/64 MP: 11/11
 10274 | Lair:1   | Reached skill level 13 in Dodging
 10500 | Lair:1   | HP: 1/64 [polar bear (14)]
 11165 | Lair:2   | Noticed RobertPalmer's ghost (powerful OpGl)
 11809 | Lair:3   | Found a frozen archway.
 12051 | Lair:3   | Reached skill level 12 in Polearms
 12101 | IceCv    | Entered an ice cave
 12121 | IceCv    | HP: 4/64 [polar bear (8)]
 12127 | IceCv    | Slain by a wolf

Vanquished Creatures
  A black mamba (Lair:3)
  Joseph (D:9)
  3 spiny frogs
  3 komodo dragons
  A two-headed ogre (D:10)
  A troll (D:10)
  2 polar bears
  A shadow (D:8)
  Eustachio (D:4)
  A hungry ghost (D:9)
  4 hippogriffs
  8 wolves
  2 water moccasins
  2 sky beasts
  9 ice beasts
  2 phantoms
  A mottled dragon (D:10)
  2 porcupines
  An orc warrior (D:5)
  A yellow wasp (D:10)
  5 ogres
  A necrophage (D:6)
  2 crocodiles
  Sigmund (D:5)
  Duvessa (D:7)
  2 centaurs
  6 scorpions
  11 giant frogs
  5 wights (D:10)
  Dowan (D:7)
  A crimson imp (D:10)
  10 hounds
  3 goliath beetles (D:6)
  A giant frog zombie (D:5)
  Crazy Yiuf (D:3)
  A giant frog skeleton (D:7)
  5 orc wizards
  A basilisk skeleton (D:10)
  3 iguanas
  An orc priest (D:4)
  4 worker ants
  A sheep (Lair:1)
  A mummy (D:9)
  5 gnolls
  15 green rats (Lair:1)
  3 shadow imps
  13 adders
  A goliath beetle zombie (D:5)
  4 worms
  3 giant geckos
  16 orcs
  2 bat skeletons
  13 goblins
  13 hobgoblins
  16 jackals
  3 quokkas
  2 ball pythons
  18 bats
  4 giant cockroaches
  4 giant newts
  A giant spore (D:7)
  14 kobolds
  A kobold skeleton (D:4)
  17 rats
  A rat skeleton (D:4)
  A rat zombie (D:6)
  2 butterflies (D:5)
287 creatures vanquished.
